Knights vs Mulligans
Created - March 5, 2020 at 19:31
Goals
|
Knights |
0 |
4 |
4 |
8 |
Mulligans |
0 |
3 |
1 |
4 |
|
Shots
|
Knights |
12 |
18 |
9 |
39 |
Mulligans |
7 |
8 |
14 |
29 |
|
1st period
No Goal
Penalties :
Jordan Martinook (Lon) for Roughing (Minor) at 14:02
2nd period
1. Knights , Dwight King 29 (Noel Acciari 35) at 1:00
2. Knights , Ryan Strome 21 (Jaccob Slavin 28, Noel Acciari 36) at 1:04
3. Knights , Dwight King 30 (Noel Acciari 37) at 6:40
4. Mulligans , Anton Lander 22 (Cody Goloubef 26) at 7:04 (SH)
5. Mulligans , Anton Lander 23 (Cody Goloubef 27, Sven Baertschi 12) at 7:10 (SH)
6. Knights , Nicolas Petan 4 (Valentin Zykov 4) at 12:55
7. Mulligans , Matt Beleskey 22 (Cody Goloubef 28, Michael Sdao 23) at 14:34
Penalties :
Eric Tangradi (Rep) for Roughing (Minor) at 3:37, Eric Tangradi (Rep) for High sticking (Double Minor) at 6:53
3rd period
8. Mulligans , Jonathan Ferland 24 (Eric Tangradi 32) at 1:06 (PP)
9. Knights , Dwight King 31 (Nikolay Goldobin 4, Valentin Zykov 5) at 4:58
10. Knights , Miro Aaltonen 20 (Linden Vey 21) at 16:11
11. Knights , Dwight King 32 (Noel Acciari 38, Olli Maatta 17) at 16:26
12. Knights , Noel Acciari 21 (Jordan Martinook 26, Tomas Kundratek 21) at 18:18 (SH)
Penalties :
Nicolas Petan (Lon) for Cross-checking (Minor) at 1:02, Noel Acciari (Lon) for Charging (Minor) at 2:21, Jordan Martinook (Lon) for Roughing (Minor) at 5:39, Anton Lander (Rep) for Holding (Minor) at 11:42, Dwight King (Lon) for High sticking (Minor) at 18:04
Goalie Stats
Elvis Merzlikins (Lon), 25 saves from 29 shots - (0.862), W, 10-3-0, 60:00 minutes
Juuse Saros (Rep), 31 saves from 39 shots - (0.795), L, 4-8-2, 60:00 minutes
Players Stats for Knights
Player Name G A P +/- PIM S H SB GA TA FO MP PP MP PK MP
------------------------------------------------------------------------------------
Brendan Gaunce 0 0 0 0 0 2 1 1 0 0 8/8 15:42 0:32 3:28
Collin Miller 0 0 0 2 0 0 2 0 0 0 0/0 18:04 4:15 0:00
Dwight King 4 0 4 2 2 6 0 0 2 1 1/2 21:33 3:50 2:56
Jaccob Slavin 0 1 1 -1 0 2 1 0 0 2 0/0 26:05 3:57 3:25
Jordan Martinook 0 1 1 2 4 2 1 0 0 0 1/1 14:04 0:49 2:20
Linden Vey 0 1 1 -1 0 2 0 0 0 0 0/0 14:52 4:02 0:00
Ludwig Bystrom 0 0 0 0 0 0 0 0 0 0 0/0 10:11 0:00 0:00
Michael Matheson 0 0 0 1 0 0 2 0 0 0 0/0 18:51 4:00 3:25
Miro Aaltonen 1 0 1 1 0 3 2 0 0 0 6/9 15:01 3:18 0:59
Nathan Walker 0 0 0 0 0 6 2 0 0 0 0/0 12:00 0:00 0:18
Nicolas Petan 1 0 1 1 2 2 1 0 0 0 3/4 6:37 0:00 0:00
Nikolay Goldobin 0 1 1 1 0 2 1 0 0 0 0/0 6:38 0:00 0:00
Noel Acciari 1 4 5 3 2 2 8 1 0 0 24/43 22:39 4:07 3:29
Olli Maatta 0 1 1 6 0 1 1 1 0 0 0/0 20:35 0:28 4:31
Ryan Strome 1 0 1 4 0 5 1 0 0 0 4/4 18:14 3:18 0:00
Tomas Kundratek 0 1 1 2 0 2 1 1 0 0 0/0 26:14 3:14 4:31
Valentin Zykov 0 2 2 1 0 1 1 0 0 0 0/0 11:15 3:18 1:25
Vince Hinostroza 0 0 0 0 0 1 3 0 0 0 0/0 13:24 0:37 0:57
Players Stats for Mulligans
Player Name G A P +/- PIM S H SB GA TA FO MP PP MP PK MP
------------------------------------------------------------------------------------
Anton Lander 2 0 2 -2 2 9 0 1 0 0 17/45 24:40 4:28 3:01
Ben Hutton 0 0 0 -2 0 0 1 2 0 0 0/0 21:55 3:22 3:57
Cody Goloubef 0 3 3 -1 0 1 1 3 1 1 0/0 26:26 4:34 4:00
Dalton Thrower 0 0 0 -2 0 0 1 0 0 1 0/0 11:39 0:00 0:00
Darren Dietz 0 0 0 -2 0 1 1 1 0 0 0/0 21:55 3:22 3:57
Drayson Bowman 0 0 0 0 0 4 0 1 0 0 0/0 14:31 0:03 2:31
Eric Tangradi 0 1 1 -3 6 7 0 0 0 0 1/7 20:47 4:23 0:57
Jonathan Ferland 1 0 1 -4 0 1 0 0 0 0 1/3 17:21 4:05 1:03
Joonas Donskoi 0 0 0 0 0 0 1 0 1 0 1/1 12:51 0:50 0:00
Logan Shaw 0 0 0 0 0 1 2 1 1 0 0/0 17:26 3:27 0:09
Matt Beleskey 1 0 1 -1 0 1 2 1 0 0 0/0 14:52 0:00 0:38
Maxime Macenauer 0 0 0 0 0 0 0 0 0 0 0/0 1:06 0:00 0:00
Michael Sdao 0 1 1 -1 0 1 4 3 0 0 0/0 26:26 4:34 4:00
Robbie Russo 0 0 0 -2 0 0 0 1 0 0 0/0 11:39 0:00 0:00
Robby Fabbri 0 0 0 -3 0 1 1 0 0 0 2/7 13:34 2:52 2:39
Sam Bennett 0 0 0 0 0 1 0 1 0 0 1/7 13:04 0:10 0:56
Sven Baertschi 0 1 1 -1 0 1 1 0 0 0 1/1 14:35 3:30 4:00
Valeri Nichushkin 0 0 0 -3 0 0 0 0 0 0 0/0 7:13 0:00 0:00
3 Stars
1 - Noel Acciari (Lon)
2 - Dwight King (Lon)
3 - Olli Maatta (Lon)
Power Play
Knights - 0 on 4 Attempt(s) - 0.00%
Mulligans - 1 on 5 Attempt(s) - 20.00%
Penalty Kill
Knights - 4 on 5 Attempt(s) - 80.00%
- Score 1 goal in Penalty Kill
Mulligans - 4 on 4 Attempt(s) - 100.00%
- Score 2 goal in Penalty Kill
Team Stat
Knights - Hits : 28 - Faceoff Wins : 47 - Blocked Shots : 4 - Penalty Minutes : 10
Mulligans - Hits : 15 - Faceoff Wins : 24 - Blocked Shots : 15 - Penalty Minutes : 8
Official
Referees : Unknown
Linesman : Unknown
Game Notes
Maxime Macenauer is injured at 5:01 of 1st period (Bruised Left Shoulder)
Dwight King has scored a Hat Trick!
Finance
Level 1 -- Attendance: 2000 (100.00%) -- Ticket Income $40,000
Level 2 -- Attendance: 938 (93.80%) -- Ticket Income $9,380
Total Attendance: 2938 (97.93%)
Total Ticket Income: $49,380
Other Income: $2,469
Total Income: $51,849
Knights
5 vs 5 Forward
Center Left Wing Right Wing Time % Phy DF OF
1 Noel Acciari Dwight King Ryan Strome 40 1 1 3
2 Miro Aaltonen Jordan Martinook Linden Vey 30 1 2 2
3 Brendan Gaunce Nathan Walker Vince Hinostroza 20 0 2 3
4 Nicolas Petan Valentin Zykov Nikolay Goldobin 10 0 2 3
5 vs 5 Defense
Defense Defense Time % Phy DF OF
1 Jaccob Slavin Tomas Kundratek 40 1 2 2
2 Collin Miller Olli Maatta 30 1 2 2
3 Michael Matheson Ludwig Bystrom 20 1 2 2
4 Michael Matheson Olli Maatta 10 1 2 2
PowerPlay Forward
Center Left Wing Right Wing Time % Phy DF OF
1 Noel Acciari Dwight King Linden Vey 60 0 1 4
2 Miro Aaltonen Valentin Zykov Ryan Strome 40 0 1 4
PowerPlay Defense
Defense Defense Time % Phy DF OF
1 Collin Miller Jaccob Slavin 60 0 1 4
2 Michael Matheson Tomas Kundratek 40 0 1 4
Penalty Kill 4 Players Forward
Center Wing Time % Phy DF OF
1 Noel Acciari Jordan Martinook 60 1 3 1
2 Brendan Gaunce Vince Hinostroza 40 1 3 1
Penalty Kill 4 Players Defense
Defense Defense Time % Phy DF OF
1 Tomas Kundratek Olli Maatta 60 1 3 1
2 Jaccob Slavin Michael Matheson 40 1 3 1
Penalty Kill - 3 Players Forward
Forward Time % Phy DF OF
1 Noel Acciari 60 0 4 1
2 Vince Hinostroza 40 0 4 1
Penalty Kill - 3 Players Defense
Defense Defense Time % Phy DF OF
1 Jaccob Slavin Olli Maatta 60 1 3 1
2 Michael Matheson Tomas Kundratek 40 1 3 1
4 vs 4 Forward
Center Wing Time % Phy DF OF
1 Noel Acciari Linden Vey 60 1 2 2
2 Miro Aaltonen Dwight King 40 1 2 2
4 vs 4 Defense
Defense Defense Time % Phy DF OF
1 Tomas Kundratek Jaccob Slavin 60 1 2 2
2 Olli Maatta Collin Miller 40 1 2 2
Last Minutes Offensive
Center Left Wing Right Wing Defense Defense
Noel Acciari Dwight King Linden Vey Tomas Kundratek Jaccob Slavin
Last Minutes Defensive
Center Left Wing Right Wing Defense Defense
Noel Acciari Jordan Martinook Vince Hinostroza Olli Maatta Tomas Kundratek
Goaltenders
Starting : Elvis Merzlikins
Backup : Magnus Hellberg
Extra Forwards
Normal : Jordan Martinook, Linden Vey, Noel Acciari - PP : Linden Vey, Noel Acciari - PK : Noel Acciari
Extra Defensemen
Normal : Olli Maatta, Michael Matheson, Collin Miller - PP : Michael Matheson - PK : Ludwig Bystrom, Michael Matheson
Penalty Shots
Nathan Walker, Miro Aaltonen, Ryan Strome, Noel Acciari, Dwight King
Scratches
Zach Nastasiuk (Healthy), Nicklas Jensen (Healthy), Alan Quine (Healthy), David Shields (Healthy), Matthew Benning (Healthy)
Trevor Moore (Healthy), Scott Wilson (Healthy), Curtis Valk (Healthy), Anthony Louis (Healthy), Travis Boyd (Healthy)
Fredrik Claesson (Healthy), Mackenzie MacEachern (Healthy), Nikolaj Ehlers (Left Wrist Injury), Jayce Hawryluk (Healthy), Kevin Fiala (Healthy)
A.J. Jenks (Healthy), Ryan Collins (Healthy), William Lagesson (Healthy), Eamon McAdam (Healthy), Philippe Desrosiers (Healthy)
Ville Husso (Healthy)
Mulligans
5 vs 5 Forward
Center Left Wing Right Wing Time % Phy DF OF
1 Anton Lander Eric Tangradi Jonathan Ferland 34 0 2 3
2 Maxime Macenauer Matt Beleskey Logan Shaw 28 0 2 3
3 Sam Bennett Drayson Bowman Joonas Donskoi 22 0 2 3
4 Robby Fabbri Sven Baertschi Valeri Nichushkin 16 0 2 3
5 vs 5 Defense
Defense Defense Time % Phy DF OF
1 Cody Goloubef Michael Sdao 40 0 3 2
2 Ben Hutton Darren Dietz 35 0 3 2
3 Dalton Thrower Robbie Russo 25 0 3 2
4 Cody Goloubef Michael Sdao 0 0 3 2
PowerPlay Forward
Center Left Wing Right Wing Time % Phy DF OF
1 Anton Lander Eric Tangradi Jonathan Ferland 60 0 1 4
2 Maxime Macenauer Sven Baertschi Logan Shaw 40 0 1 4
PowerPlay Defense
Defense Defense Time % Phy DF OF
1 Cody Goloubef Michael Sdao 60 0 2 3
2 Ben Hutton Darren Dietz 40 0 2 3
Penalty Kill 4 Players Forward
Center Wing Time % Phy DF OF
1 Anton Lander Eric Tangradi 60 0 3 2
2 Jonathan Ferland Maxime Macenauer 40 0 3 2
Penalty Kill 4 Players Defense
Defense Defense Time % Phy DF OF
1 Cody Goloubef Michael Sdao 60 1 4 0
2 Ben Hutton Darren Dietz 40 1 4 0
Penalty Kill - 3 Players Forward
Forward Time % Phy DF OF
1 Anton Lander 60 1 3 1
2 Eric Tangradi 40 1 3 1
Penalty Kill - 3 Players Defense
Defense Defense Time % Phy DF OF
1 Cody Goloubef Michael Sdao 60 1 4 0
2 Ben Hutton Darren Dietz 40 1 4 0
4 vs 4 Forward
Center Wing Time % Phy DF OF
1 Anton Lander Eric Tangradi 60 0 2 3
2 Jonathan Ferland Maxime Macenauer 40 0 2 3
4 vs 4 Defense
Defense Defense Time % Phy DF OF
1 Cody Goloubef Michael Sdao 60 0 3 2
2 Ben Hutton Darren Dietz 40 0 3 2
Last Minutes Offensive
Center Left Wing Right Wing Defense Defense
Anton Lander Eric Tangradi Jonathan Ferland Cody Goloubef Michael Sdao
Last Minutes Defensive
Center Left Wing Right Wing Defense Defense
Anton Lander Eric Tangradi Jonathan Ferland Cody Goloubef Michael Sdao
Goaltenders
Starting : Juuse Saros
Backup : Calvin Pickard
Extra Forwards
Normal : Anton Lander, Eric Tangradi, Jonathan Ferland - PP : Anton Lander, Jonathan Ferland - PK : Eric Tangradi
Extra Defensemen
Normal : Dalton Thrower, Robbie Russo, Ben Hutton - PP : Dalton Thrower - PK : Robbie Russo, Ben Hutton
Penalty Shots
Anton Lander, Eric Tangradi, Jonathan Ferland, Maxime Macenauer, Matt Beleskey
Scratches
Reid Boucher (Healthy), Nick Moutrey (Healthy), John Hayden (Healthy), Jonny Brodzinski (Healthy), Cade Fairchild (Back Spasms Injury)
Cristiano Digiacinto (Healthy)
% Time on Ice - Knights
Lines # - Real PCT - Wanted PCT - Time Play
Normal Forward
1 - 34% - 40% - 15:04
2 - 24% - 30% - 10:43
3 - 27% - 20% - 11:42
4 - 15% - 10% - 6:38
Normal Defense
1 - 42% - 40% - 18:34
2 - 32% - 30% - 13:55
3 - 22% - 20% - 9:44
4 - 4% - 10% - 1:54
PP Forward
1 - 58% - 60% - 4:39
2 - 42% - 40% - 3:18
PP Defense
1 - 59% - 60% - 4:43
2 - 41% - 40% - 3:14
PK Forward
1 - 88% - 60% - 6:59
2 - 12% - 40% - 0:57
PK Defense
1 - 57% - 60% - 4:31
2 - 43% - 40% - 3:25
PK3 Forward
1 - 0% - 60%
2 - 0% - 40%
PK3 Defense
1 - 0% - 60%
2 - 0% - 40%
44 Forward
1 - 0% - 60%
2 - 0% - 40%
44 Defense
1 - 0% - 60%
2 - 0% - 40%
Last Minute Offensive - 0:00
Last Minute Defensive - 0:00
Total
Forward - 60:00
Defense - 60:00
|
% Time on Ice - Mulligans
Lines # - Real PCT - Wanted PCT - Time Play
Normal Forward
1 - 25% - 34% - 10:52
2 - 33% - 28% - 14:23
3 - 27% - 22% - 11:50
4 - 16% - 16% - 7:02
Normal Defense
1 - 40% - 40% - 17:52
2 - 33% - 35% - 14:36
3 - 26% - 25% - 11:39
4 - 0% - 0% - 0:00
PP Forward
1 - 47% - 60% - 3:42
2 - 53% - 40% - 4:14
PP Defense
1 - 58% - 60% - 4:34
2 - 42% - 40% - 3:22
PK Forward
1 - 87% - 60% - 6:54
2 - 13% - 40% - 1:03
PK Defense
1 - 50% - 60% - 4:00
2 - 50% - 40% - 3:57
PK3 Forward
1 - 0% - 60%
2 - 0% - 40%
PK3 Defense
1 - 0% - 60%
2 - 0% - 40%
44 Forward
1 - 0% - 60%
2 - 0% - 40%
44 Defense
1 - 0% - 60%
2 - 0% - 40%
Last Minute Offensive - 0:00
Last Minute Defensive - 0:00
Total
Forward - 60:00
Defense - 60:00
|
Play-by-Play
1st period
0:01 of 1st period - Ryan Strome wins face-off versus Eric Tangradi in neutral zone.
0:55 of 1st period - Snap shot by Drayson Bowman.
0:55 of 1st period - Shot Misses the Net.
1:13 of 1st period - Snap shot by Valentin Zykov.
1:13 of 1st period - Stopped by Juuse Saros with a rebound.
1:37 of 1st period - Ben Hutton is hit by Noel Acciari and loses puck.
2:18 of 1st period - Wrist shot by Brendan Gaunce.
2:18 of 1st period - Shot Blocked by Robbie Russo.
2:20 of 1st period - Wrist shot by Vince Hinostroza.
2:20 of 1st period - Shot Misses the Net.
2:37 of 1st period - Off-side.
2:38 of 1st period - Robby Fabbri wins face-off versus Nicolas Petan in neutral zone.
2:55 of 1st period - Michael Matheson is hit by Cody Goloubef and loses puck.
3:10 of 1st period - Snap shot by Valentin Zykov.
3:10 of 1st period - Shot Misses the Net.
3:12 of 1st period - Slapshot by Michael Matheson.
3:12 of 1st period - Shot Blocked by Cody Goloubef.
3:14 of 1st period - Snap shot by Nicolas Petan.
3:14 of 1st period - Shot Misses the Net.
3:16 of 1st period - Backhand shot by Michael Matheson.
3:16 of 1st period - Deflect By Nikolay Goldobin.
3:16 of 1st period - Shot Misses the Net.
3:16 of 1st period - Puck is out of play.
3:17 of 1st period - Noel Acciari wins face-off versus Anton Lander in Mulligans zone.
3:20 of 1st period - Wrist shot by Dwight King.
3:20 of 1st period - Shot Misses the Net.
5:00 of 1st period - Maxime Macenauer is hit by Nicolas Petan and loses puck.
5:01 of 1st period - Maxime Macenauer from Mulligans is injured at 5:01 of 1st period (Bruised Left Shoulder).
5:02 of 1st period - Noel Acciari wins face-off versus Anton Lander in Mulligans zone.
5:37 of 1st period - Collin Miller is hit by Logan Shaw and loses puck.
5:59 of 1st period - Snap shot by Nathan Walker.
5:59 of 1st period - Stopped by Juuse Saros with a rebound.
6:23 of 1st period - Slapshot by Robby Fabbri.
6:23 of 1st period - Shot Blocked by Tomas Kundratek.
6:25 of 1st period - Snap shot by Robby Fabbri.
6:25 of 1st period - Shot Misses the Net.
6:32 of 1st period - Icing by Jaccob Slavin.
6:33 of 1st period - Nicolas Petan wins face-off versus Eric Tangradi in Knights zone.
7:08 of 1st period - Snap shot by Drayson Bowman.
7:08 of 1st period - Stopped by Elvis Merzlikins with a rebound.
7:33 of 1st period - Sven Baertschi is hit by Olli Maatta and loses puck.
8:50 of 1st period - Darren Dietz is hit by Brendan Gaunce and loses puck.
9:48 of 1st period - Dalton Thrower is hit by Jaccob Slavin and loses puck.
10:03 of 1st period - Snap shot by Logan Shaw.
10:03 of 1st period - Stopped by Elvis Merzlikins without a rebound.
10:04 of 1st period - Brendan Gaunce wins face-off versus Eric Tangradi in Knights zone.
10:14 of 1st period - Icing by Ben Hutton.
10:15 of 1st period - Noel Acciari wins face-off versus Eric Tangradi in Mulligans zone.
10:28 of 1st period - Wrist shot by Eric Tangradi.
10:28 of 1st period - Stopped by Elvis Merzlikins without a rebound.
10:29 of 1st period - Noel Acciari wins face-off versus Anton Lander in Knights zone.
10:42 of 1st period - Snap shot by Eric Tangradi.
10:42 of 1st period - Stopped by Elvis Merzlikins with a rebound.
10:44 of 1st period - Slapshot by Michael Sdao.
10:44 of 1st period - Stopped by Elvis Merzlikins with a rebound.
10:54 of 1st period - Matt Beleskey is hit by Michael Matheson and loses puck.
11:08 of 1st period - Sam Bennett is hit by Nathan Walker and loses puck.
11:15 of 1st period - Snap shot by Nathan Walker.
11:15 of 1st period - Stopped by Juuse Saros with a rebound.
11:17 of 1st period - Slapshot by Michael Matheson.
11:17 of 1st period - Shot Misses the Net.
11:19 of 1st period - Wrist shot by Brendan Gaunce.
11:19 of 1st period - Deflect By Nathan Walker.
11:19 of 1st period - Shot Blocked by Sam Bennett.
11:19 of 1st period - Puck is out of play.
11:20 of 1st period - Noel Acciari wins face-off versus Anton Lander in Mulligans zone.
11:23 of 1st period - Wrist shot by Noel Acciari.
11:23 of 1st period - Shot Misses the Net.
11:35 of 1st period - Slapshot by Noel Acciari.
11:35 of 1st period - Shot Blocked by Cody Goloubef.
11:45 of 1st period - Linden Vey is hit by Michael Sdao and loses puck.
12:10 of 1st period - Cody Goloubef is hit by Collin Miller and loses puck.
12:25 of 1st period - Wrist shot by Brendan Gaunce.
12:25 of 1st period - Shot Blocked by Ben Hutton.
13:04 of 1st period - Snap shot by Jaccob Slavin.
13:04 of 1st period - Shot Misses the Net.
13:06 of 1st period - Snap shot by Linden Vey.
13:06 of 1st period - Deflect By Miro Aaltonen.
13:06 of 1st period - Stopped by Juuse Saros with a rebound.
13:08 of 1st period - Wrist shot by Jordan Martinook.
13:08 of 1st period - Stopped by Juuse Saros without a rebound.
13:09 of 1st period - Ryan Strome wins face-off versus Sam Bennett in Mulligans zone.
13:10 of 1st period - Snap shot by Dwight King.
13:10 of 1st period - Shot Blocked by Ben Hutton.
13:12 of 1st period - Snap shot by Dwight King.
13:12 of 1st period - Shot Blocked by Drayson Bowman.
13:14 of 1st period - Snap shot by Ryan Strome.
13:14 of 1st period - Stopped by Juuse Saros with a rebound.
13:16 of 1st period - Slapshot by Olli Maatta.
13:16 of 1st period - Stopped by Juuse Saros with a rebound.
13:41 of 1st period - Slapshot by Linden Vey.
13:41 of 1st period - Stopped by Juuse Saros without a rebound.
13:42 of 1st period - Noel Acciari wins face-off versus Anton Lander in Mulligans zone.
13:57 of 1st period - Snap shot by Eric Tangradi.
13:57 of 1st period - Stopped by Elvis Merzlikins without a rebound.
13:58 of 1st period - Anton Lander wins face-off versus Miro Aaltonen in Knights zone.
14:02 of 1st period - Minor Penalty to Jordan Martinook for Roughing.
14:03 of 1st period - Anton Lander wins face-off versus Noel Acciari in Knights zone.
15:57 of 1st period - Noel Acciari is hit by Joonas Donskoi and loses puck.
16:02 of 1st period - Penalty to Jordan Martinook is over, Jordan Martinook is back on ice.
17:26 of 1st period - Slapshot by Tomas Kundratek.
17:26 of 1st period - Shot Misses the Net.
17:28 of 1st period - Wrist shot by Nikolay Goldobin.
17:28 of 1st period - Deflect By Nicolas Petan.
17:28 of 1st period - Stopped by Juuse Saros without a rebound.
17:29 of 1st period - Nicolas Petan wins face-off versus Robby Fabbri in Mulligans zone.
18:22 of 1st period - Robbie Russo is hit by Vince Hinostroza and loses puck.
18:29 of 1st period - Wrist shot by Nathan Walker.
18:29 of 1st period - Stopped by Juuse Saros with a rebound.
18:31 of 1st period - Wrist shot by Brendan Gaunce.
18:31 of 1st period - Stopped by Juuse Saros without a rebound.
18:32 of 1st period - Noel Acciari wins face-off versus Anton Lander in Mulligans zone.
19:04 of 1st period - Wrist shot by Miro Aaltonen.
19:04 of 1st period - Stopped by Juuse Saros with a rebound.
19:06 of 1st period - Wrist shot by Linden Vey.
19:06 of 1st period - Shot Blocked by Logan Shaw.
19:08 of 1st period - Slapshot by Olli Maatta.
19:08 of 1st period - Shot Misses the Net.
19:10 of 1st period - Snap shot by Miro Aaltonen.
19:10 of 1st period - Shot Blocked by Anton Lander.
19:12 of 1st period - Snap shot by Jordan Martinook.
19:12 of 1st period - Shot Blocked by Matt Beleskey.
19:14 of 1st period - Snap shot by Jordan Martinook.
19:14 of 1st period - Shot Blocked by Darren Dietz.
19:30 of 1st period - Wrist shot by Sven Baertschi.
19:30 of 1st period - Stopped by Elvis Merzlikins with a rebound.
Goals for this period are 0 for Knights vs 0 for Mulligans.
Shots for this period are 12 for Knights vs 7 for Mulligans.
2nd period
0:01 of 2nd period - Noel Acciari wins face-off versus Anton Lander in neutral zone.
0:56 of 2nd period - Wrist shot by Brendan Gaunce.
0:56 of 2nd period - Deflect By Vince Hinostroza.
0:56 of 2nd period - Shot Misses the Net.
0:56 of 2nd period - Puck is out of play.
0:57 of 2nd period - Noel Acciari wins face-off versus Robby Fabbri in Mulligans zone.
1:00 of 2nd period - Wrist shot by Dwight King.
1:00 of 2nd period - Goal by Dwight King - Knights : 1 - Mulligans : 0.
1:01 of 2nd period - Noel Acciari wins face-off versus Anton Lander in neutral zone.
1:04 of 2nd period - Snap shot by Jaccob Slavin.
1:04 of 2nd period - Deflect By Ryan Strome.
1:04 of 2nd period - Goal by Ryan Strome - Knights : 2 - Mulligans : 0.
1:05 of 2nd period - Anton Lander wins face-off versus Noel Acciari in neutral zone.
1:08 of 2nd period - Dwight King is hit by Michael Sdao and loses puck.
1:13 of 2nd period - Wrist shot by Anton Lander.
1:13 of 2nd period - Shot Misses the Net.
1:15 of 2nd period - Snap shot by Anton Lander.
1:15 of 2nd period - Shot Misses the Net.
1:17 of 2nd period - Slapshot by Cody Goloubef.
1:17 of 2nd period - Shot Misses the Net.
1:19 of 2nd period - Snap shot by Anton Lander.
1:19 of 2nd period - Deflect By Eric Tangradi.
1:19 of 2nd period - Stopped by Elvis Merzlikins without a rebound.
1:20 of 2nd period - Miro Aaltonen wins face-off versus Anton Lander in Knights zone.
1:24 of 2nd period - Off-side.
1:25 of 2nd period - Miro Aaltonen wins face-off versus Anton Lander in neutral zone.
1:56 of 2nd period - Slapshot by Sven Baertschi.
1:56 of 2nd period - Shot Misses the Net.
2:22 of 2nd period - Snap shot by Noel Acciari.
2:22 of 2nd period - Stopped by Juuse Saros with a rebound.
2:40 of 2nd period - Ben Hutton is hit by Vince Hinostroza and loses puck.
2:47 of 2nd period - Drayson Bowman is hit by Nathan Walker and loses puck.
3:26 of 2nd period - Snap shot by Robby Fabbri.
3:26 of 2nd period - Stopped by Elvis Merzlikins without a rebound.
3:27 of 2nd period - Jordan Martinook wins face-off versus Anton Lander in Knights zone.
3:37 of 2nd period - Minor Penalty to Eric Tangradi for Roughing.
3:38 of 2nd period - Anton Lander wins face-off versus Noel Acciari in Mulligans zone.
4:54 of 2nd period - Darren Dietz is hit by Noel Acciari and loses puck.
5:37 of 2nd period - Penalty to Eric Tangradi is over, Eric Tangradi is back on ice.
5:45 of 2nd period - Slapshot by Eric Tangradi.
5:45 of 2nd period - Stopped by Elvis Merzlikins without a rebound.
5:46 of 2nd period - Brendan Gaunce wins face-off versus Eric Tangradi in Knights zone.
5:46 of 2nd period - Brendan Gaunce is hit by Dalton Thrower.
6:12 of 2nd period - Wrist shot by Sam Bennett.
6:12 of 2nd period - Deflect By Drayson Bowman.
6:12 of 2nd period - Shot Misses the Net.
6:12 of 2nd period - Puck is out of play.
6:13 of 2nd period - Nicolas Petan wins face-off versus Sam Bennett in Knights zone.
6:22 of 2nd period - Snap shot by Nikolay Goldobin.
6:22 of 2nd period - Stopped by Juuse Saros with a rebound.
6:24 of 2nd period - Slapshot by Olli Maatta.
6:24 of 2nd period - Shot Misses the Net.
6:26 of 2nd period - Snap shot by Nikolay Goldobin.
6:26 of 2nd period - Stopped by Juuse Saros without a rebound.
6:27 of 2nd period - Noel Acciari wins face-off versus Anton Lander in Mulligans zone.
6:30 of 2nd period - Wrist shot by Dwight King.
6:30 of 2nd period - Stopped by Juuse Saros with a rebound.
6:32 of 2nd period - Slapshot by Jaccob Slavin.
6:32 of 2nd period - Stopped by Juuse Saros with a rebound.
6:34 of 2nd period - Slapshot by Ryan Strome.
6:34 of 2nd period - Stopped by Juuse Saros without a rebound.
6:35 of 2nd period - Noel Acciari wins face-off versus Anton Lander in Mulligans zone.
6:36 of 2nd period - Slapshot by Jaccob Slavin.
6:36 of 2nd period - Shot Blocked by Cody Goloubef.
6:38 of 2nd period - Slapshot by Tomas Kundratek.
6:38 of 2nd period - Stopped by Juuse Saros without a rebound.
6:39 of 2nd period - Noel Acciari wins face-off versus Anton Lander in Mulligans zone.
6:40 of 2nd period - Snap shot by Dwight King.
6:40 of 2nd period - Goal by Dwight King - Knights : 3 - Mulligans : 0.
6:41 of 2nd period - Ryan Strome wins face-off versus Anton Lander in neutral zone.
6:53 of 2nd period - Double Minor Penalty to Eric Tangradi for High sticking.
6:54 of 2nd period - Anton Lander wins face-off versus Noel Acciari in Mulligans zone.
7:04 of 2nd period - Slapshot by Anton Lander.
7:04 of 2nd period - Goal by Anton Lander - Knights : 3 - Mulligans : 1.
7:05 of 2nd period - Sven Baertschi wins face-off versus Noel Acciari in neutral zone.
7:10 of 2nd period - Snap shot by Anton Lander.
7:10 of 2nd period - Goal by Anton Lander - Knights : 3 - Mulligans : 2.
7:11 of 2nd period - Noel Acciari wins face-off versus Anton Lander in neutral zone.
8:41 of 2nd period - Valentin Zykov is hit by Ben Hutton and loses puck.
9:02 of 2nd period - Jaccob Slavin is hit by Matt Beleskey and loses puck.
9:14 of 2nd period - Icing by Dwight King.
9:15 of 2nd period - Miro Aaltonen wins face-off versus Anton Lander in Knights zone.
10:53 of 2nd period - Penalty to Eric Tangradi is over, Eric Tangradi is back on ice.
11:38 of 2nd period - Collin Miller is hit by Robby Fabbri and loses puck.
11:57 of 2nd period - Icing by Brendan Gaunce.
11:58 of 2nd period - Brendan Gaunce wins face-off versus Sam Bennett in Knights zone.
12:13 of 2nd period - Eric Tangradi is hit by Tomas Kundratek and loses puck.
12:20 of 2nd period - Eric Tangradi is hit by Noel Acciari and loses puck.
12:35 of 2nd period - Sam Bennett is hit by Miro Aaltonen.
12:51 of 2nd period - Ben Hutton is hit by Nikolay Goldobin.
12:55 of 2nd period - Snap shot by Nicolas Petan.
12:55 of 2nd period - Goal by Nicolas Petan - Knights : 4 - Mulligans : 2.
12:56 of 2nd period - Anton Lander wins face-off versus Noel Acciari in neutral zone.
13:01 of 2nd period - Snap shot by Eric Tangradi.
13:01 of 2nd period - Shot Blocked by Noel Acciari.
13:03 of 2nd period - Snap shot by Anton Lander.
13:03 of 2nd period - Shot Misses the Net.
13:05 of 2nd period - Snap shot by Eric Tangradi.
13:05 of 2nd period - Shot Misses the Net.
13:21 of 2nd period - Matt Beleskey is hit by Jordan Martinook and loses puck.
14:15 of 2nd period - Darren Dietz is hit by Noel Acciari and loses puck.
14:22 of 2nd period - Wrist shot by Dwight King.
14:22 of 2nd period - Stopped by Juuse Saros without a rebound.
14:23 of 2nd period - Noel Acciari wins face-off versus Anton Lander in Mulligans zone.
14:34 of 2nd period - Slapshot by Cody Goloubef.
14:34 of 2nd period - Deflect By Matt Beleskey.
14:34 of 2nd period - Goal by Matt Beleskey - Knights : 4 - Mulligans : 3.
14:35 of 2nd period - Noel Acciari wins face-off versus Anton Lander in neutral zone.
14:38 of 2nd period - Anton Lander is hit by Noel Acciari and loses puck.
14:49 of 2nd period - Wrist shot by Ryan Strome.
14:49 of 2nd period - Stopped by Juuse Saros with a rebound.
14:51 of 2nd period - Wrist shot by Dwight King.
14:51 of 2nd period - Deflect By Eric Tangradi.
14:51 of 2nd period - Shot Misses the Net.
14:51 of 2nd period - Puck is out of play.
14:52 of 2nd period - Miro Aaltonen wins face-off versus Anton Lander in Mulligans zone.
14:53 of 2nd period - Wrist shot by Jordan Martinook.
14:53 of 2nd period - Stopped by Juuse Saros without a rebound.
14:54 of 2nd period - Anton Lander wins face-off versus Miro Aaltonen in Mulligans zone.
15:01 of 2nd period - Snap shot by Linden Vey.
15:01 of 2nd period - Shot Misses the Net.
15:03 of 2nd period - Wrist shot by Linden Vey.
15:03 of 2nd period - Stopped by Juuse Saros without a rebound.
15:04 of 2nd period - Noel Acciari wins face-off versus Anton Lander in Mulligans zone.
15:37 of 2nd period - Wrist shot by Sam Bennett.
15:37 of 2nd period - Stopped by Elvis Merzlikins with a rebound.
16:15 of 2nd period - Slapshot by Sven Baertschi.
16:15 of 2nd period - Deflect By Robby Fabbri.
16:15 of 2nd period - Shot Blocked by Brendan Gaunce.
16:15 of 2nd period - Puck is out of play.
16:16 of 2nd period - Brendan Gaunce wins face-off versus Robby Fabbri in Knights zone.
16:28 of 2nd period - Wrist shot by Brendan Gaunce.
16:28 of 2nd period - Stopped by Juuse Saros with a rebound.
16:30 of 2nd period - Slapshot by Olli Maatta.
16:30 of 2nd period - Shot Blocked by Michael Sdao.
16:32 of 2nd period - Wrist shot by Vince Hinostroza.
16:32 of 2nd period - Stopped by Juuse Saros without a rebound.
16:33 of 2nd period - Anton Lander wins face-off versus Noel Acciari in Mulligans zone.
16:43 of 2nd period - Icing by Olli Maatta.
16:44 of 2nd period - Ryan Strome wins face-off versus Anton Lander in Knights zone.
17:39 of 2nd period - Slapshot by Michael Sdao.
17:39 of 2nd period - Shot Misses the Net.
17:41 of 2nd period - Slapshot by Cody Goloubef.
17:41 of 2nd period - Stopped by Elvis Merzlikins with a rebound.
18:08 of 2nd period - Ben Hutton is hit by Michael Matheson and loses puck.
19:40 of 2nd period - Snap shot by Nathan Walker.
19:40 of 2nd period - Stopped by Juuse Saros with a rebound.
Goals for this period are 4 for Knights vs 3 for Mulligans.
Shots for this period are 18 for Knights vs 8 for Mulligans.
3rd period
0:01 of 3rd period - Anton Lander wins face-off versus Noel Acciari in neutral zone.
0:34 of 3rd period - Jordan Martinook is hit by Michael Sdao and loses puck.
0:47 of 3rd period - Cody Goloubef is hit by Collin Miller and loses puck.
1:02 of 3rd period - Minor Penalty to Nicolas Petan for Cross-checking.
1:03 of 3rd period - Anton Lander wins face-off versus Noel Acciari in Knights zone.
1:04 of 3rd period - Snap shot by Eric Tangradi.
1:04 of 3rd period - Deflect By Noel Acciari.
1:04 of 3rd period - Shot Hit the Post.
1:04 of 3rd period - Puck is out of play.
1:05 of 3rd period - Eric Tangradi wins face-off versus Noel Acciari in Knights zone.
1:06 of 3rd period - Slapshot by Jonathan Ferland.
1:06 of 3rd period - Goal by Jonathan Ferland - Knights : 4 - Mulligans : 4.
1:07 of 3rd period - Anton Lander wins face-off versus Noel Acciari in neutral zone.
1:10 of 3rd period - Snap shot by Anton Lander.
1:10 of 3rd period - Shot Misses the Net.
1:40 of 3rd period - Snap shot by Nathan Walker.
1:40 of 3rd period - Stopped by Juuse Saros with a rebound.
1:42 of 3rd period - Slapshot by Nathan Walker.
1:42 of 3rd period - Shot Hit the Post.
1:44 of 3rd period - Backhand shot by Olli Maatta.
1:44 of 3rd period - Deflect By Nathan Walker.
1:44 of 3rd period - Shot Misses the Net.
1:44 of 3rd period - Puck is out of play.
1:45 of 3rd period - Noel Acciari wins face-off versus Sam Bennett in Mulligans zone.
1:46 of 3rd period - Wrist shot by Ryan Strome.
1:46 of 3rd period - Stopped by Juuse Saros without a rebound.
1:47 of 3rd period - Noel Acciari wins face-off versus Sam Bennett in Mulligans zone.
1:50 of 3rd period - Wrist shot by Ryan Strome.
1:50 of 3rd period - Shot Misses the Net.
1:52 of 3rd period - Snap shot by Jaccob Slavin.
1:52 of 3rd period - Deflect By Cody Goloubef.
1:52 of 3rd period - Stopped by Juuse Saros with a rebound.
1:54 of 3rd period - Snap shot by Ryan Strome.
1:54 of 3rd period - Shot Misses the Net.
1:56 of 3rd period - Backhand shot by Noel Acciari.
1:56 of 3rd period - Shot Blocked by Michael Sdao.
1:58 of 3rd period - Backhand shot by Tomas Kundratek.
1:58 of 3rd period - Stopped by Juuse Saros without a rebound.
1:59 of 3rd period - Anton Lander wins face-off versus Dwight King in Mulligans zone.
1:59 of 3rd period - Anton Lander is hit by Ryan Strome.
2:21 of 3rd period - Minor Penalty to Noel Acciari for Charging.
2:22 of 3rd period - Brendan Gaunce wins face-off versus Jonathan Ferland in Knights zone.
2:47 of 3rd period - Jordan Martinook is hit by Logan Shaw and loses puck.
4:21 of 3rd period - Penalty to Noel Acciari is over, Noel Acciari is back on ice.
4:58 of 3rd period - Slapshot by Dwight King.
4:58 of 3rd period - Goal by Dwight King - Knights : 5 - Mulligans : 4.
4:59 of 3rd period - Anton Lander wins face-off versus Noel Acciari in neutral zone.
5:02 of 3rd period - Wrist shot by Cody Goloubef.
5:02 of 3rd period - Shot Misses the Net.
5:04 of 3rd period - Slapshot by Michael Sdao.
5:04 of 3rd period - Shot Misses the Net.
5:06 of 3rd period - Snap shot by Jonathan Ferland.
5:06 of 3rd period - Shot Misses the Net.
5:08 of 3rd period - Snap shot by Anton Lander.
5:08 of 3rd period - Stopped by Elvis Merzlikins without a rebound.
5:09 of 3rd period - Anton Lander wins face-off versus Noel Acciari in Knights zone.
5:14 of 3rd period - Snap shot by Anton Lander.
5:14 of 3rd period - Stopped by Elvis Merzlikins with a rebound.
5:26 of 3rd period - Wrist shot by Anton Lander.
5:26 of 3rd period - Stopped by Elvis Merzlikins with a rebound.
5:28 of 3rd period - Slapshot by Michael Sdao.
5:28 of 3rd period - Shot Misses the Net.
5:36 of 3rd period - Slapshot by Eric Tangradi.
5:36 of 3rd period - Stopped by Elvis Merzlikins without a rebound.
5:37 of 3rd period - Miro Aaltonen wins face-off versus Anton Lander in Knights zone.
5:39 of 3rd period - Minor Penalty to Jordan Martinook for Roughing.
5:40 of 3rd period - Dwight King wins face-off versus Jonathan Ferland in Knights zone.
6:36 of 3rd period - Backhand shot by Anton Lander.
6:36 of 3rd period - Shot Misses the Net.
6:38 of 3rd period - Slapshot by Jonathan Ferland.
6:38 of 3rd period - Shot Misses the Net.
6:40 of 3rd period - Slapshot by Michael Sdao.
6:40 of 3rd period - Deflect By Anton Lander.
6:40 of 3rd period - Stopped by Elvis Merzlikins without a rebound.
6:41 of 3rd period - Noel Acciari wins face-off versus Robby Fabbri in Knights zone.
7:27 of 3rd period - Joonas Donskoi is hit by Vince Hinostroza.
7:39 of 3rd period - Penalty to Jordan Martinook is over, Jordan Martinook is back on ice.
7:51 of 3rd period - Slapshot by Darren Dietz.
7:51 of 3rd period - Stopped by Elvis Merzlikins without a rebound.
7:52 of 3rd period - Joonas Donskoi wins face-off versus Miro Aaltonen in Knights zone.
7:55 of 3rd period - Wrist shot by Drayson Bowman.
7:55 of 3rd period - Shot Misses the Net.
8:32 of 3rd period - Dalton Thrower is hit by Noel Acciari and loses puck.
9:36 of 3rd period - Icing by Robbie Russo.
9:37 of 3rd period - Sam Bennett wins face-off versus Noel Acciari in Mulligans zone.
10:13 of 3rd period - Joonas Donskoi is hit by Noel Acciari.
10:31 of 3rd period - Slapshot by Joonas Donskoi.
10:31 of 3rd period - Deflect By Sam Bennett.
10:31 of 3rd period - Shot Blocked by Olli Maatta.
10:31 of 3rd period - Puck is out of play.
10:32 of 3rd period - Miro Aaltonen wins face-off versus Anton Lander in Knights zone.
10:39 of 3rd period - Jaccob Slavin is hit by Darren Dietz and loses puck.
10:48 of 3rd period - Wrist shot by Anton Lander.
10:48 of 3rd period - Stopped by Elvis Merzlikins without a rebound.
10:49 of 3rd period - Brendan Gaunce wins face-off versus Anton Lander in Knights zone.
10:56 of 3rd period - Backhand shot by Anton Lander.
10:56 of 3rd period - Stopped by Elvis Merzlikins without a rebound.
10:57 of 3rd period - Brendan Gaunce wins face-off versus Anton Lander in Knights zone.
10:57 of 3rd period - Brendan Gaunce is hit by Matt Beleskey.
11:30 of 3rd period - Tomas Kundratek is hit by Michael Sdao and loses puck.
11:42 of 3rd period - Minor Penalty to Anton Lander for Holding.
11:43 of 3rd period - Noel Acciari wins face-off versus Robby Fabbri in Mulligans zone.
12:28 of 3rd period - Sven Baertschi is hit by Miro Aaltonen and loses puck.
13:42 of 3rd period - Penalty to Anton Lander is over, Anton Lander is back on ice.
13:45 of 3rd period - Robby Fabbri is hit by Noel Acciari and loses puck.
14:12 of 3rd period - Michael Sdao is hit by Valentin Zykov and loses puck.
15:02 of 3rd period - Icing by Noel Acciari.
15:03 of 3rd period - Jonathan Ferland wins face-off versus Noel Acciari in Knights zone.
15:21 of 3rd period - Snap shot by Eric Tangradi.
15:21 of 3rd period - Stopped by Elvis Merzlikins with a rebound.
15:43 of 3rd period - Snap shot by Drayson Bowman.
15:43 of 3rd period - Stopped by Elvis Merzlikins with a rebound.
15:45 of 3rd period - Slapshot by Ben Hutton.
15:45 of 3rd period - Shot Misses the Net.
16:11 of 3rd period - Snap shot by Miro Aaltonen.
16:11 of 3rd period - Goal by Miro Aaltonen - Knights : 6 - Mulligans : 4.
16:12 of 3rd period - Robby Fabbri wins face-off versus Noel Acciari in neutral zone.
16:26 of 3rd period - Wrist shot by Dwight King.
16:26 of 3rd period - Goal by Dwight King - Knights : 7 - Mulligans : 4.
16:27 of 3rd period - Anton Lander wins face-off versus Noel Acciari in neutral zone.
16:29 of 3rd period - Off-side.
16:30 of 3rd period - Noel Acciari wins face-off versus Eric Tangradi in neutral zone.
16:45 of 3rd period - Wrist shot by Anton Lander.
16:45 of 3rd period - Stopped by Elvis Merzlikins with a rebound.
17:17 of 3rd period - Snap shot by Nathan Walker.
17:17 of 3rd period - Stopped by Juuse Saros without a rebound.
17:18 of 3rd period - Brendan Gaunce wins face-off versus Sam Bennett in Mulligans zone.
17:33 of 3rd period - Wrist shot by Brendan Gaunce.
17:33 of 3rd period - Shot Misses the Net.
17:43 of 3rd period - Snap shot by Miro Aaltonen.
17:43 of 3rd period - Shot Blocked by Michael Sdao.
17:59 of 3rd period - Snap shot by Drayson Bowman.
17:59 of 3rd period - Stopped by Elvis Merzlikins with a rebound.
18:01 of 3rd period - Snap shot by Drayson Bowman.
18:01 of 3rd period - Stopped by Elvis Merzlikins without a rebound.
18:02 of 3rd period - Noel Acciari wins face-off versus Anton Lander in Knights zone.
18:04 of 3rd period - Minor Penalty to Dwight King for High sticking.
18:05 of 3rd period - Anton Lander wins face-off versus Noel Acciari in Knights zone.
18:12 of 3rd period - Icing by Jonathan Ferland.
18:13 of 3rd period - Noel Acciari wins face-off versus Anton Lander in Mulligans zone.
18:18 of 3rd period - Wrist shot by Noel Acciari.
18:18 of 3rd period - Goal by Noel Acciari - Knights : 8 - Mulligans : 4.
18:19 of 3rd period - Anton Lander wins face-off versus Noel Acciari in neutral zone.
18:44 of 3rd period - Tomas Kundratek is hit by Sven Baertschi and loses puck.
Goals for this period are 4 for Knights vs 1 for Mulligans.
Shots for this period are 9 for Knights vs 14 for Mulligans.
Back to the Top